 Dungeon Crawl Stone Soup version 0.29.0-11-gd7f09526c8 (webtiles) character file.

Game seed: 8407013044482231286

93 gelatine the Covered (level 4, -1/60 HPs)
             Began as a Minotaur Fighter on Sept 5, 2022.
             Slain by an orc wizard
             ... wielding a +0 dagger
              (3 damage)
             ... on level 3 of the Dungeon.
             The game lasted 00:04:30 (2340 turns).

gelatine the Covered (Minotaur Fighter)             Turns: 2340, Time: 00:04:31

Health: -1/60      AC:  7    Str: 21 (22) XL:     4   Next: 37%
Magic:  3/3        EV:  9    Int:  3 (5)  God:
Gold:   93         SH:  4    Dex:  9 (10) Spells: 3/3 levels left

rFire   . . .      SeeInvis .   a - +0 war axe
rCold   . . .      Faith    .   c - +0 buckler
rNeg    . . .      Spirit   .   b - +0 scale mail
rPois   .          Reflect  .   (helmet restricted)
rElec   .          Harm     .   (no cloak)
rCorr   .          Rampage  .   (no gloves)
Will    .....                   (no boots)
Stlth   ..........              (no amulet)
HPRegen 0.20/turn               (no ring)
MPRegen 0.08/turn               (no ring)

@: brilliant, berserking, very quick
A: horns 2, retaliatory headbutt
a: no special abilities


You were on level 3 of the Dungeon.
You visited 1 branch of the dungeon, and saw 3 of its levels.

You collected 93 gold pieces.

Inventory:

Hand Weapons
 a - a +0 war axe (weapon)
Missiles
 j - 4 javelins (quivered)
Armour
 b - a +0 scale mail (worn)
 c - a +0 buckler (worn)
Scrolls
 e - a scroll of torment {unknown}
 f - 2 scrolls of poison {unknown}
 i - a scroll of enchant armour {unknown}
 k - a scroll of immolation {unknown}
 m - 2 scrolls of identify {unknown}
 n - 2 scrolls of teleportation {unknown}
 o - a scroll of blinking {unknown}
 p - a scroll of fear {unknown}
 q - a scroll of brand weapon {unknown}
Potions
 d - 2 potions of might
 g - a potion of brilliance


   Skills:
 + Level 4.1 Fighting
 + Level 3.6 Axes
 + Level 1.1 Throwing
 + Level 4.5 Armour
 + Level 0.6 Dodging
 + Level 4.0 Shields


You had 3 spell levels left.
You didn't know any spells.
Your spell library was empty.

Dungeon Overview and Level Annotations

Branches:
Dungeon (3/15)

Altars:
Dithmenos

Shops:
D:1 *   D:2 *   D:3 (


Innate Abilities, Weirdness & Mutations

You have a pair of horns on your head.
You reflexively headbutt those who attack you in melee.


Message History

You barely miss something. Something hits you.
You closely miss something. Something hits you but does no damage.
A magic dart appears from out of thin air!
The magic dart hits something!
Something hits you.
You slash something!
Reactivating autopickup.
You feel a bit more experienced.
A magic dart appears from out of thin air!
Deactivating autopickup; reactivate with Ctrl-A.
The magic dart hits you.
Your Throwing skill increases to level 1!
Something hits you but does no damage.
Items here: )) [ ††.
You closely miss something. Something hits you but does no damage.
You barely miss something. Something hits you but does no damage.
You hear some strange, mumbled words.
A magic dart appears from out of thin air!
The magic dart hits you.
* * * LOW HITPOINT WARNING * * *
You completely miss something. Something hits you but does no damage.
You barely miss something. Something hits you.
* * * LOW HITPOINT WARNING * * *
Something hits you but does no damage.
It was a potion of brilliance.
You feel clever all of a sudden. You block something's attack.
It was a potion of degeneration.
There was something very wrong with that liquid.
You feel weakened.
You feel dopey.
You feel clumsy. Something hits you.
* * * LOW HITPOINT WARNING * * *
It was a potion of berserk rage.
A red film seems to cover your vision as you go berserk!
You feel yourself moving faster!
You feel mighty! Something hits you.
* * * LOW HITPOINT WARNING * * *
You barely miss something. You miss something.
Something hits you but does no damage.
You slash something! Something hits you but does no damage.
You hit something. Your headbutt misses something. Something hits you.
You die...

#.8.<.∩†8.##..#
#..............
#..........##..
#...........###
#.............#
#......†......###.#
#.................
#.............########
#.............')@{...#
#.........#...######.#
###########.......##
####.....# #.....#
#.....# #.....#
#.....# #.....#


There were no monsters in sight!

Vanquished Creatures
  An orc wizard (D:3)
  3 adders
  4 worms (D:2)
  3 dart slugs (D:1)
  2 orcs (D:3)
  6 ball pythons
  3 endoplasms
  A giant cockroach (D:1)
  9 hobgoblins
  3 kobolds (D:1)
  2 quokkas (D:1)
  A frilled lizard (D:1)
  2 goblins
  5 rats
45 creatures vanquished.

Notes
Turn   | Place    | Note
-------+----------+-------------------------------------------
     0 | D:1      | gelatine the Minotaur Fighter began the quest for the Orb.
     0 | D:1      | Reached XP level 1. HP: 19/19 MP: 0/0
   273 | D:1      | Found Hilaw's General Store.
   412 | D:1      | Reached XP level 2. HP: 27/27 MP: 1/1
  1102 | D:1      | Reached XP level 3. HP: 33/33 MP: 2/2
  1300 | D:2      | Found Urphuth's General Store.
  1668 | D:2      | Found a shadowy altar of Dithmenos.
  1938 | D:2      | Reached XP level 4. HP: 40/40 MP: 3/3
  1968 | D:2      | Found a faded altar of an unknown god.
  2216 | D:3      | Found Ympeadd's Weapon Shop.
  2329 | D:3      | Reached skill level 1 in Throwing
  2335 | D:3      | HP: 1/40 [something (3)]
  2340 | D:3      | Slain by an orc wizard

Illustrated notes

Levels and vault maps discovered:
D:1:      dpeg_arrival_rooms_c, layout_basic, serial_shops, shop
D:2:      kennysheep_big_flooded_room, layout_loops_cross, basic_altar,
          shapermc_ecumenical_altar_pompeii, serial_shops, shop_fountains
D:3:      layout_basic, mainiacjoe_overflow_catch_the_wave, serial_shops,
          shop_statue, grunt_ministairs_12, minmay_misc_feat_x

Skill      XL: |  1  2  3  4 |
---------------+-------------+-----
Shields        | 4 |  4.0
Armour         | 4 |  4.5
Fighting       | 4 |  4.1
Axes           | 3 |  3.6
Throwing       | 1 |  1.1
Dodging        | |  0.6

Action                   |  1- 3 |  4- 6 || total
-------------------------+-------+-------++-------
Melee: War axe           |    67 |    38 ||   105
       Headbutt          |     9 |     4 ||    13
Throw: Javelin           |    27 |       ||    27
  Use: Potion            |       |     3 ||     3
Armor: Scale mail        |    26 |    20 ||    46
Dodge: Dodged            |    28 |     6 ||    34
Block: Buckler           |    17 |     7 ||    24
